 Dungeon Crawl Stone Soup version 0.31-a0-810-ga77100ea1a (webtiles) character file.

Game seed: 7326394231076301746

2724 quakins the Cleaver (level 9, -12/75 HPs)
             Began as a Hill Orc Fighter on Sept 22, 2023.
             Was a Follower of Beogh.
             Mangled by a large slime creature (27 damage)
             ... on level 6 of the Dungeon.
             The game lasted 00:09:40 (5804 turns).

quakins the Cleaver (Hill Orc Fighter)              Turns: 5804, Time: 00:09:40

Health: -12/75     AC: 16    Str: 23    XL:     9   Next: 67%
Magic:  0/16       EV:  8    Int:  8    God:    Beogh [*.....]
Gold:   45         SH:  8    Dex: 10    Spells: 8/8 levels left

rFire   + . .        a - +0 war axe
rCold   . . .        B - +0 kite shield
rNeg    . . .        A - +1 scale mail {rF+}
rPois   .            (no helmet)
rElec   .            (no cloak)
rCorr   .            j - +0 pair of gloves
SInv    .            b - +2 pair of boots
Will    .....        g - amulet of guardian spirit Stlth
                     o - +4 ring of slaying
HPRegen 0.32/turn    y - +4 ring of protection
MPRegen 0.15/turn

%: guardian spirit
@: studying Air Magic
A: no striking features
a: Renounce Religion


You were on level 6 of the Dungeon.
You worshipped Beogh.
Beogh was aware of your devotion.
You visited 2 branches of the dungeon, and saw 8 of its levels.

You collected 297 gold pieces.
You spent 252 gold pieces at shops.

Inventory:

Hand Weapons
 a - a +0 war axe (weapon)
Armour
 b - a +2 pair of boots (worn)
 j - a +0 pair of gloves (worn)
 A - a +1 scale mail of fire resistance (worn)
 B - a +0 kite shield (worn)
Jewellery
 e - a ring of resist corrosion
 g - an amulet of guardian spirit (around neck)
 i - a ring of poison resistance
 m - a ring of flight
 o - a +4 ring of slaying (left hand)
 y - a +4 ring of protection (right hand)
Wands
 q - a wand of roots (9)
 x - a wand of paralysis (12)
Scrolls
 c - a scroll of noise {unknown}
 h - a scroll of poison {unknown}
 l - a scroll of fog {unknown}
 n - a scroll of summoning {unknown}
 p - 3 scrolls of identify {unknown}
 s - a scroll of amnesia {unknown}
 v - 2 scrolls of fear {unknown}
 w - 2 scrolls of blinking {unknown}
Potions
 d - a potion of might
 f - a potion of cancellation {unknown}
 k - 5 potions of curing {unknown}
 r - a potion of enlightenment {unknown}
 t - 3 potions of magic {unknown}
 u - 2 potions of mutation {unknown}
 z - a potion of degeneration {unknown}


   Skills:
 - Level 6.0 Fighting
 + Level 12.7 Axes
 - Level 3.2 Armour
 - Level 3.2 Shields
 - Level 10.0 Invocations


You had 8 spell levels left.
You didn't know any spells.
Your spell library contained the following spells:

 Spells                   Type           Power      Damage    Failure   Level
 Necrotise                Necr           0%         1d4       94%         1
 Vampiric Draining        Necr           0%         2d6       100%        3
 Agony                    Necr           0%         N/A       100%        5


Dungeon Overview and Level Annotations

Branches:
Dungeon (7/15)             Temple (1/1) D:4

Altars:
Ashenzari
Cheibriados
Dithmenos
Elyvilon
Fedhas
Gozag
Hepliaklqana
Kikubaaqudgha
Makhleb
Nemelex Xobeh
Okawaru
Qazlal
Ru
Sif Muna
Uskayaw
Vehumet
Wu Jian
Xom
Yredelemnul
Zin

Shops:
D:2 [   D:5 =   D:6 (


Message History

The ufetubus attacks as it pursues you!
The ufetubus hits you but does no damage.
The ufetubus barely misses you.
The ufetubus hits you but does no damage. x2
The ufetubus attacks as it pursues you!
The ufetubus hits you but does no damage.
You block the ufetubus's attack.
You slash the ufetubus!
You kill the ufetubus!
Beogh accepts your kill.
Two slime creatures merge to form a large slime creature.
You barely miss the large slime creature.
You slash the large slime creature!
The large slime creature is lightly wounded.
You slash the large slime creature!
The large slime creature is moderately wounded.
You block the large slime creature's attack.
You hit the large slime creature but do no damage.
The large slime creature is moderately wounded.
You block the large slime creature's attack.
You slash the large slime creature!
The large slime creature is moderately wounded.
The large slime creature hits you!
You hit the large slime creature.
The large slime creature is moderately wounded.
You block the large slime creature's attack.
You slice the large slime creature!!
The large slime creature is heavily wounded.
You block the large slime creature's attack.
You slice the large slime creature!!
The large slime creature is severely wounded.
The large slime creature closely misses you.
You hit the large slime creature.
The large slime creature is severely wounded.
The large slime creature hits you!!!
* * * LOW HITPOINT WARNING * * *
You hit the large slime creature.
The large slime creature is severely wounded.
The large slime creature hits you!!
You die...

#### #..#.#.)#..# ##..###
#.......#..# #.....##
#..........# ##.....#
##........## ##..###
###......# ##..##
######.## ###....##
##.....# ##....##.##
##....###
##....lJ@..######......##
#....>.###.#..##.........
##.......................
##......................
##.....................
###....................#
##........##.##..........
#......#....####......##.
##.....#.............###.


You could see a large slime creature and an iguana.

Vanquished Creatures
  Grinder (D:5)
  3 slime creatures (D:6)
  A steam dragon (D:6)
  Menkaure (D:4)
  Edmund (D:5)
  A water moccasin (D:5)
  An ice beast (D:6)
  A black bear (D:6)
  A sky beast (D:6)
  2 ogres (D:6)
  3 centaurs
  2 bullfrogs (D:6)
  4 scorpions
  An orc priest (D:4)
  2 hounds
  An iguana (D:4)
  2 sleepcaps
  Ijyb (D:4)
  An orc wizard (D:4)
  Terence (D:3)
  9 adders
  6 gnolls
  2 white imps
  An ufetubus (D:6)
  3 worms
  4 dart slugs
  16 orcs
  9 ball pythons
  4 bats
  5 endoplasms
  5 giant cockroaches
  7 goblins
  6 hobgoblins
  A jackal (D:2)
  6 kobolds
  3 quokkas
  5 frilled lizards
  3 rats
126 creatures vanquished.

Vanquished Creatures (others)
  An oklob sapling (D:4)
  2 orcs (D:4)
  An endoplasm (D:4)
  A goblin (D:4)
5 creatures vanquished.

Grand Total: 131 creatures vanquished

Notes
Turn   | Place    | Note
-------+----------+-------------------------------------------
     0 | D:1      | quakins the Hill Orc Fighter began the quest for the Orb.
     0 | D:1      | Reached XP level 1. HP: 19/19 MP: 1/1
    18 | D:1      | Reached skill level 3 in Axes
   160 | D:1      | Reached XP level 2. HP: 13/26 MP: 2/2
   420 | D:1      | Reached skill level 4 in Axes
  1008 | D:2      | Reached XP level 3. HP: 26/31 MP: 3/3
  1010 | D:2      | Reached skill level 5 in Axes
  1065 | D:2      | Reached XP level 4. HP: 39/39 MP: 4/4
  1351 | D:2      | Reached skill level 6 in Axes
  1501 | D:2      | Reached XP level 5. HP: 45/45 MP: 5/5
  1506 | D:2      | Found Uvairhom's Armour Shop.
  1893 | D:3      | Reached skill level 7 in Axes
  2042 | D:3      | Noticed Terence
  2050 | D:3      | Killed Terence
  2095 | D:3      | Found a sacrificial altar of Ru.
  2467 | D:3      | You fall into a shaft and drop 2 floors!
  2467 | D:5      | Entered Level 5 of the Dungeon
  2518 | D:4      | Found a staircase to the Ecumenical Temple.
  2561 | D:4      | Became a worshipper of Beogh the Brigand
  2584 | D:4      | Reached skill level 8 in Axes
  2584 | D:4      | Reached XP level 6. HP: 45/51 MP: 4/6
  2756 | D:4      | Reached skill level 9 in Axes
  2991 | Temple   | Entered the Ecumenical Temple
  3052 | D:4      | Noticed Menkaure
  3053 | D:4      | Noticed Ijyb
  3145 | D:4      | Killed Ijyb
  3150 | D:4      | Killed Menkaure
  3151 | D:4      | Reached skill level 10 in Axes
  3151 | D:4      | Reached skill level 1 in Invocations
  3151 | D:4      | Reached XP level 7. HP: 10/57 MP: 2/8
  3332 | D:5      | Noticed Edmund
  3812 | D:5      | Noticed Grinder
  3825 | D:5      | Killed Grinder
  3826 | D:5      | Reached XP level 8. HP: 52/64 MP: 9/12
  3925 | D:5      | Killed Edmund
  4168 | D:5      | Found a snail-covered altar of Cheibriados.
  4415 | D:5      | Found Ynur's Jewellery Emporium.
  4577 | D:6      | Found Seybexopho's Weapon Boutique.
  4636 | D:6      | Reached skill level 10 in Invocations
  4855 | D:2      | Bought a +2 pair of boots for 198 gold pieces
  4855 | D:2      | Bought a +0 kite shield for 54 gold pieces
  4954 | D:6      | Reached skill level 5 in Fighting
  4954 | D:6      | Reached XP level 9. HP: 69/74 MP: 13/16
  5057 | D:6      | Reached * piety under Beogh
  5248 | D:6      | Reached skill level 11 in Axes
  5609 | D:6      | Reached skill level 12 in Axes
  5804 | D:6      | Mangled by a large slime creature

Illustrated notes

Levels and vault maps discovered:
D:1:      mrwooster_arrival_statue, layout_basic
D:2:      minmay_skewed_foursquare, layout_loops_corners, serial_shops,
          nicolae_shop_advertising_works [nicolae_subvault_shop_adworks],
          minmay_misc_feat_five
D:3:      layout_basic, mainiacjoe_overflow_chevrons, grunt_ministairs_1,
          minmay_door_square, uniq_terence
D:4:      layout_rooms, minmay_temple_entry_oklob, uniq_ijyb, uniq_menkaure
D:5:      layout_gridville, chei_slow_surprise, serial_shops,
          nicolae_lakefront_shop, uniq_edmund, uniq_grinder
D:6:      layout_cave_pools, serial_shops, nicolae_shop_hallway_stairs,
          serial_glass, glass_columns_a, glass_columns_b,
          corexii_hall_statues_t, uniq_crazy_yiuf_cottage
D:7:      layout_cave_pools, nicolae_concentric_dashed_squares_wild
Temple:   nicolae_temple_bog_church

Skill      XL: |  1  2  3  4  5  6  7  8  9 |
---------------+----------------------------+-----
Axes           | 3 4 5 6 8 10 12 | 12.7
Invocations    | 1 6 10 | 10.0
Fighting       | 5 6 |  6.0
Armour         | |  3.2
Shields        | |  3.2

Action                     |  1- 3 |  4- 6 |  7- 9 || total
---------------------------+-------+-------+-------++-------
  Melee: War axe           |    72 |   163 |   167 ||   402
 Invoke: Convert to Beogh  |       |     1 |       ||     1
    Use: Potion            |       |     1 |       ||     1
 Armour: Scale mail        |    63 |   134 |   161 ||   358
  Dodge: Dodged            |    31 |    73 |    74 ||   178
  Block: Buckler           |    18 |    42 |    13 ||    73
         Kite shield       |       |       |    41 ||    41

Table legend: (Time is in decaauts)
 A = Elapsed time spent in this place.
 B = Non-inter-level travel time spent in this place.
 C = Inter-level travel time spent in this place.
 D = Time resting spent in this place.
 E = Time spent auto-exploring this place.
 F = Levels seen in this place.
 G = Mean time per level.
                   A        B        C        D        E       F      G
               +--------+--------+--------+--------+--------+-----+--------+
         Total |   5869 |   5470 |    399 |    624 |   3667 |   8 |  733.6 |
       Dungeon |   5867 |   5468 |    399 |    624 |   3667 |   7 |  838.1 |
        Temple |      1 |      1 |      0 |      0 |      0 |   1 |    1.0 |
               +--------+--------+--------+--------+--------+-----+--------+

Top non-repeatable levels by time:
     D:5: 1262 daAuts
     D:2: 1049 daAuts
     D:6: 1012 daAuts
     D:1: 934 daAuts
     D:4: 891 daAuts
     D:3: 712 daAuts
     D:7: 6 daAuts
  Temple: 1 daAuts
